 Dungeon Crawl Stone Soup version 0.29.0-4-gdea44cf6ec (webtiles) character file.

Game seed: 2119928118766302582

155743 qw the Severer (level 17, -6/108 HPs)
             Began as a Gargoyle Fighter on Sept 6, 2022.
             Was a High Priest of Okawaru.
             Shot with an arrow by a naga sharpshooter (16 damage)
             ... on level 4 of the Snake Pit.
             The game lasted 00:11:38 (26135 turns).

qw the Severer (Gargoyle Fighter)                  Turns: 26135, Time: 00:11:38

Health: -6/108     AC: 51    Str: 35    XL:     17   Next: 65%
Magic:  24/24      EV:  9    Int: 16    God:    Okawaru [*****.]
Gold:   385        SH: 21    Dex: 12    Spells: 16/16 levels left

rFire   . . .      SeeInvis .   i - +10 broad axe of Gar Tanu {venom, rN+ Str+2}
rCold   + + .      Faith    .   E - +0 tower shield {AC+3}
rNeg    + + +      Spirit   .   s - +0 plate armour
rPois   inf        Reflect  .   f - +1 helmet
rElec   +          Harm     .   C - +1 cloak of Proximity {Drain Fly rPois Dex+3}
rCorr   .          Rampage  .   p - +2 pair of gloves
Will    +....                   o - +2 pair of boots
Stlth   ..........              r - amulet "Ifyr" {Regen+ Str+6}
HPRegen 1.08/turn               y - +4 ring of protection
MPRegen 0.19/turn               D - ring "Uloeghyk" {rC++ rN++ Int+6}

@: about to teleport, heroic, weakened, flying, constricted
A: sickness immunity, AC +12, big wings, negative energy resistance 1,
electricity resistance, torment resistance 1, petrification resistance
a: Renounce Religion, Heroism, Finesse, Duel


You were on level 4 of the Snake Pit.
You worshipped Okawaru.
Okawaru was extremely pleased with you.
You visited 6 branches of the dungeon, and saw 30 of its levels.
You also visited: Sewer.

You collected 2962 gold pieces.
You spent 2577 gold pieces at shops.


Innate Abilities, Weirdness & Mutations

You are immune to sickness and miasma.
Your stone body is resilient. (AC +12)
You are immune to poison.
Your large and strong wings let you fly.
You resist negative energy. (rN+)
You are resistant to electric shocks. (rElec)
You are resistant to unholy torment.
You are immune to petrification.


   Skills:
 - Level 13.0(18.0) Fighting
 - Level 17.6(22.6) Axes
 - Level 6.0(11.0) Throwing
 - Level 13.0(18.0) Armour
 - Level 6.1(11.1) Dodging
 + Level 16.0(21.0) Shields
 - Level 10.0 Invocations


You had 16 spell levels left.
You didn't know any spells.
Your spell library was empty.

Inventory:

Hand Weapons
 g - a +9 broad axe of flaming
 i - the +10 broad axe of Gar Tanu (weapon) {venom, rN+ Str+2}
   (You acquired it on level 1 of the Lair of Beasts)

   It poisons the flesh of those it strikes.
   Str:       It affects your strength (+2).
   rN:        It protects you from negative energy.
Missiles
 a - 17 boomerangs
 u - 2 javelins
 z - a silver boomerang (quivered)
Armour
 f - a +1 helmet (worn)
 o - a +2 pair of boots (worn)
 p - a +2 pair of gloves (worn)
 s - a +0 plate armour (worn)
 B - a +2 chain mail of cold resistance
 C - the +1 cloak of Proximity (worn) {Drain Fly rPois Dex+3}
   (You bought it in a shop on level 15 of the Dungeon)

   Dex:       It affects your dexterity (+3).
   rPois:     It protects you from poison.
   Fly:       It grants you flight.
   Drain:     It drains your maximum health when unequipped.
 E - a +0 tower shield of protection (worn)
Jewellery
 r - the amulet "Ifyr" (around neck) {Regen+ Str+6}
   (You found it in a sewer)

   [amulet of regeneration]

   Str:       It affects your strength (+6).
   Regen:     It increases your rate of health regeneration.
 y - a +4 ring of protection (left hand)
 D - the ring "Uloeghyk" (right hand) {rC++ rN++ Int+6}
   (You bought it in a shop on level 1 of the Snake Pit)

   [ring of intelligence]

   Int:       It affects your intelligence (+6).
   rC:        It greatly protects you from cold.
   rN:        It greatly protects you from negative energy.
 F - a +6 ring of strength
Scrolls
 j - 6 scrolls of blinking
 m - 14 scrolls of identify
 n - 8 scrolls of teleportation
 w - 5 scrolls of enchant weapon
 A - a scroll of brand weapon
Potions
 b - a potion of lignification
 c - 11 potions of curing
 d - 5 potions of might
 e - 5 potions of haste
 h - 4 potions of heal wounds
 k - 4 potions of attraction
 l - 6 potions of resistance
 q - 4 potions of mutation
 x - 2 potions of magic

Dungeon Overview and Level Annotations

Branches:
Dungeon (15/15)            Temple (1/1) D:5            Lair (5/5) D:11
  Swamp (3/4) Lair:3        Snake (4/4) Lair:2        Slime (0/5) Lair:5
    Orc (2/2) D:10            Elf (0/3) Orc:2        Vaults (0/5) D:14
 Depths (0/4) D:15          Sewer (visited)

Altars:
Cheibriados
Dithmenos
Elyvilon
Fedhas
Gozag
Kikubaaqudgha
Makhleb
Nemelex Xobeh
Okawaru
Qazlal
Ru
Sif Muna
Trog
Uskayaw
Vehumet
Xom
Yredelemnul
Zin
The Shining One
Jiyva

Shops:
D:9 =   D:11 (   D:15 [   Orc:1 [   Orc:2 :[*(   Snake:1 (**(   Snake:3 :==

Annotations:
D:3 1 runed translucent door, Crazy Yiuf
D:5 3 runed translucent doors, qw's ghost, amateur MiFi
D:8 1 transporter, qw's ghost, novice TrCA
D:9 2 transporters, 1 runed translucent door, qw's ghost, journeyman FoCA


Message History

The arrow barely misses you.
The naga warrior hits you with a +0 mace.
The salamander mystic misses you.
You slice the nagaraja!!
You kill the nagaraja!
Okawaru accepts your kill.
You hit the naga warrior.
The naga warrior is poisoned.
You slash the salamander mystic!
The salamander mystic looks as sick as possible!
You slash the naga warrior! You slash the salamander tyrant!
The salamander tyrant looks as sick as possible!
You slash the naga sharpshooter!
The salamander tyrant gazes fiercely through you!
You feel as though you will be weak longer.
You block the salamander tyrant's attack.
You block the naga warrior's attack. The naga warrior grabs you.
The naga warrior constricts you.
The naga sharpshooter shoots an arrow.
The arrow hits you.
The salamander tyrant hits you but does no damage.
The naga warrior hits you with a +0 mace.
The salamander mystic hits you but does no damage.
You block the naga warrior's attack. The naga warrior constricts you.
Your base Shields skill increases to level 16!
26135 ||| READING 9 scrolls of teleportation.
As you read the scroll of teleportation, it crumbles to dust.
You feel strangely unstable.
You feel yourself speed up.
You block the salamander tyrant's attack.
The naga sharpshooter mumbles some strange words.
The naga sharpshooter magically shoots an arrow.
You block the arrow. The naga warrior closely misses you.
The salamander mystic hits you with a +0 quarterstaff.
You are engulfed in flames!
The salamander tyrant gazes fiercely through you!
You feel as though you will be weak longer.
The salamander tyrant hits you but does no damage.
The naga warrior hits you but does no damage.
The naga warrior constricts you.
The naga sharpshooter shoots an arrow.
The arrow hits you!
You die...

####+
##...#+
##.....##
#.)NN...#
#..@N...+
#..NN...#
##.....##
##...##
#####


You could see 2 naga warriors, a naga sharpshooter, a salamander tyrant (fast,
extremely poisoned) and a salamander mystic (extremely poisoned).

Vanquished Creatures
  Nikola (Snake:1)
  Frances (Snake:1)
  Kirke (D:14)
  Agnes (D:14)
  Roxanne (Swamp:3)
  A nagaraja (Snake:4)
  A dire elephant (D:15)
  An eleionoma (Swamp:3)
  3 bunyips
  Fannar (D:10)
  2 shambling mangroves (Swamp:3)
  10 hydras
  Erolcha (D:9)
  9 centaur warriors
  3 boulder beetles
  3 anacondas (Snake:2)
  2 catoblepae
  2 ghost crabs
  6 ogre magi
  17 two-headed ogres
  9 death yaks
  6 naga warriors
  An alligator (Swamp:2)
  A tengu warrior (D:14)
  9 shock serpents
  A deep elf knight (D:14)
  3 naga sharpshooters
  Sonja (Lair:2)
  8 goliath frogs
  A swamp dragon (Swamp:2)
  4 spriggan druids
  2 bog bodies
  4 orc knights
  A lindwurm (Lair:5)
  2 deep elf zephyrmancers (D:14)
  A necromancer (Lair:4)
  2 deep elf pyromancers
  5 cyclopes
  3 mana vipers (Snake:1)
  3 will-o-the-wisps
  3 orc sorcerers
  2 manticores
  17 ugly things
  8 elephants
  10 salamanders
  2 guardian serpents
  12 naga magi
  Joseph (D:7)
  21 cane toads
  21 black mambas
  5 komodo dragons
  3 rime drakes
  An unseen horror (D:11)
  2 kobold demonologists
  2 ice devils (Lair:5)
  3 bloated husks
  3 meliai (D:14)
  14 hornets
  3 trolls
  4 polar bears
  8 blink frogs (Lair:5)
  10 tyrant leeches
  19 slime creatures
  8 spriggans
  3 wraiths
  2 wyverns
  2 shadows
  5 basilisks
  5 humans (D:14)
  31 yaks
  A hog (D:14)
  Grum (D:10)
  4 steam dragons
  17 vampire mosquitoes
  13 swamp worms
  24 nagas
  Edmund (D:6)
  10 water moccasins
  3 swamp drakes
  A sky beast (D:6)
  2 black bears (Lair:2)
  3 ice beasts
  14 orc warriors
  18 wolves
  31 ogres
  23 centaurs
  2 phantoms
  8 kobold brigands
  Blork the orc (D:4)
  9 gnoll sergeants
  A necrophage (D:6)
  26 bullfrogs
  9 wights (D:8)
  22 killer bees
  2 howler monkeys
  2 electric eels
  A centaur zombie (D:5)
  A bullfrog zombie (D:5)
  2 jellies (D:5)
  4 gnoll boudas
  12 orc priests
  4 iguanas
  28 orc wizards
  3 polar bear simulacra (Lair:4)
  4 yak simulacra (Lair:4)
  2 wolf simulacra (Lair:4)
  23 gnolls
  8 adders
  6 shadow imps
  2 white imps
  2 ufetubi (D:6)
  7 dart slugs
  79 orcs
  3 bats
  5 endoplasms
  10 giant cockroaches
  9 hobgoblins
  10 jackals
  17 kobolds
  8 quokkas
  3 training dummies (Snake:1)
  15 ball pythons
  5 frilled lizards
  10 goblins
  6 rats
  2 river rat simulacra (Lair:4)
  A butterfly (Lair:3)
904 creatures vanquished.

Vanquished Creatures (others)
  A spriggan (Swamp:2)
  A hornet (Swamp:2)
  14 foxfires
  17 fungi
  76 plants
109 creatures vanquished.

Grand Total: 1013 creatures vanquished

Notes
Turn   | Place    | Note
-------+----------+-------------------------------------------
     0 | D:1      | qw the Gargoyle Fighter began the quest for the Orb.
     0 | D:1      | Reached XP level 1. HP: 14/14 MP: 1/1
     0 | D:1      | 0 ||| qw: Version: 0.1-a-108-g9e35731
     0 | D:1      | 0 ||| qw: Game counter: 6294
     0 | D:1      | 0 ||| qw: Always use a shield: true
     0 | D:1      | 0 ||| qw: God list: Okawaru
     0 | D:1      | 0 ||| qw: Allow faded altars: false
     0 | D:1      | 0 ||| qw: Do Orc after D:15 true
     0 | D:1      | 0 ||| qw: Do second Lair branch before Depths: true
     0 | D:1      | 0 ||| qw: Lair rune preference: random
     0 | D:1      | 0 ||| qw: Plans: Normal, Zot, God:TSO, Crypt, Tomb, Zig,
                  | Orb
     0 | D:1      | 0 ||| PLANNING D:1-11
    31 | D:1      | Reached skill level 2 in Axes
   196 | D:1      | 196 ||| Stepping ~*~*~tactically~*~*~ (stealth).
   221 | D:1      | Found a faded altar of an unknown god.
   230 | D:1      | Reached XP level 2. HP: 19/19 MP: 2/2
   278 | D:1      | 278 ||| Stepping ~*~*~tactically~*~*~ (stealth).
   547 | D:1      | 547 ||| Stepping ~*~*~tactically~*~*~ (stealth).
   548 | D:1      | 548 ||| Stepping ~*~*~tactically~*~*~ (stealth).
   580 | D:1      | Reached skill level 3 in Axes
   631 | D:1      | Reached XP level 3. HP: 23/23 MP: 3/3
  1025 | D:1      | 1025 ||| UPGRADING to +0 kite shield.
  1035 | D:1      | 1035 ||| DROPPING +0 buckler.
  1036 | D:1      | 1036 ||| READING scroll labelled BOISEA YCSA.
  1037 | D:1      | 1037 ||| READING scroll labelled IWUNWEGACK.
  1038 | D:1      | 1038 ||| READING scroll labelled ULUBRA REQERPH.
  1056 | D:2      | 1056 ||| STAIRDANCE
  1344 | D:2      | 1344 ||| Stepping ~*~*~tactically~*~*~ (hiding).
  1373 | D:2      | 1373 ||| Stepping ~*~*~tactically~*~*~ (stealth).
  1388 | D:2      | 1388 ||| Stepping ~*~*~tactically~*~*~ (stealth).
  1529 | D:2      | Reached XP level 4. HP: 28/28 MP: 4/4
  1906 | D:2      | 1906 ||| UPGRADING to +1 scale mail of poison resistance.
  1916 | D:2      | 1916 ||| DROPPING +0 scale mail.
  1917 | D:2      | 1917 ||| UPGRADING to +0 pair of gloves.
  1922 | D:2      | 1922 ||| UPGRADING to ring of positive energy.
  1923 | D:2      | 1923 ||| READING scroll labelled TEBBOM VEULE.
  1924 | D:2      | 1924 ||| READING scroll labelled MATHRO DUUL.
  1925 | D:2      | 1925 ||| READING scroll labelled ULEEQU ZOILIPN.
  1926 | D:2      | 1926 ||| DRINKING 2 murky blue potions.
  2254 | D:3      | 2254 ||| Stepping ~*~*~tactically~*~*~ (stealth).
  2405 | D:3      | 2405 ||| Stepping ~*~*~tactically~*~*~ (hiding).
  2434 | D:3      | Reached skill level 4 in Axes
  2434 | D:3      | Reached XP level 5. HP: 14/32 MP: 5/5
  2554 | D:3      | 2554 ||| Stepping ~*~*~tactically~*~*~ (stealth).
  2615 | D:3      | 2615 ||| DROPPING +0 mace.
  2639 | D:3      | Identified the +4 quarterstaff "Haucruer" {freeze, rPois
                  | rF++ Int-3 Dex+2}
  2665 | D:3      | 2665 ||| Stepping ~*~*~tactically~*~*~ (stealth).
  2668 | D:3      | 2668 ||| Stepping ~*~*~tactically~*~*~ (stealth).
  2669 | D:3      | 2669 ||| Stepping ~*~*~tactically~*~*~ (hiding).
  2678 | D:3      | HP: 5/32 [gnoll/+0 halberd (4)]
  2679 | D:3      | 2679 ||| READING scroll of teleportation.
  2679 | D:3      | HP: 2/32 [gnoll/+0 halberd (3)]
  2680 | D:3      | 2680 ||| DRINKING potion of heal wounds.
  2982 | D:3      | 2982 ||| Stepping ~*~*~tactically~*~*~ (stealth).
  3081 | D:3      | Found a runed translucent door.
  3082 | D:3      | Noticed Crazy Yiuf
  3139 | D:3      | 3139 ||| UPGRADING to +0 chain mail.
  3149 | D:3      | 3149 ||| DROPPING +1 scale mail of poison resistance.
  3150 | D:3      | 3150 ||| READING scroll labelled ILOSKA LODAM.
  3251 | D:3      | 3251 ||| READING scroll labelled WOP XUACZAWIOST.
  3252 | D:3      | 3252 ||| READING 2 scrolls labelled CIEXIB ZIENUON.
  3252 | D:3      | Identified 2 scrolls of acquirement
  3252 | D:3      | 3252 ||| ACQUIRING +5 broad axe of flaming
  3252 | D:3      | Acquired a +5 broad axe of flaming
  3254 | D:3      | 3254 ||| SWAPPING to +5 broad axe of flaming.
  3255 | D:3      | 3255 ||| DROPPING +0 flail.
  3256 | D:3      | 3256 ||| DROPPING +0 vorpal war axe.
  3257 | D:3      | 3257 ||| READING scroll of acquirement.
  3257 | D:3      | 3257 ||| ACQUIRING +3 kite shield of the Pleiades {Regen+
                  | Str+2}
  3257 | D:3      | Acquired the +3 kite shield of the Pleiades {Regen+ Str+2}
  3259 | D:3      | 3259 ||| UPGRADING to +3 kite shield of the Pleiades
                  | {Regen+ Str+2}.
  3269 | D:3      | 3269 ||| DROPPING +0 kite shield.
  3270 | D:3      | 3270 ||| DRINKING 3 silvery potions.
  3406 | D:4      | Found a blossoming altar of Fedhas.
  3490 | D:4      | Reached XP level 6. HP: 37/37 MP: 6/6
  3510 | D:4      | Noticed Blork the orc
  3517 | D:4      | Killed Blork the orc
  3569 | D:4      | Reached skill level 5 in Axes
  3951 | D:4      | 3951 ||| UPGRADING to amulet of guardian spirit.
  3956 | D:4      | 3956 ||| UPGRADING to +6 ring of dexterity.
  3998 | D:5      | Entered Level 5 of the Dungeon
  3999 | D:5      | 3999 ||| PLANNING SEWER
  4122 | D:5      | Noticed an ice beast
  4132 | D:5      | Reached skill level 1 in Dodging
  4136 | D:5      | Killed an ice beast
  4137 | D:5      | Reached XP level 7. HP: 32/43 MP: 4/7
  4265 | D:5      | Found a runed translucent gate.
  4265 | D:5      | Found a runed translucent gate.
  4265 | D:5      | Found a runed translucent gate.
  4265 | D:5      | Noticed qw's ghost (amateur MiFi)
  4282 | D:5      | 4282 ||| READING 2 scrolls labelled REUROXOGUDI.
  4286 | D:5      | Found a basalt altar of Yredelemnul.
  4334 | D:5      | 4334 ||| Stepping ~*~*~tactically~*~*~ (hiding).
  4346 | D:5      | 4346 ||| Stepping ~*~*~tactically~*~*~ (stealth).
  4360 | D:5      | Found a glowing drain.
  4361 | D:5      | 4361 ||| Stepping ~*~*~tactically~*~*~ (stealth).
  4362 | D:5      | 4362 ||| READING scroll labelled LIN YP DEI.
  4363 | D:5      | 4363 ||| READING 2 scrolls of identify.
  4363 | D:5      | 4363 ||| IDENTIFYING viscous white potion
  4364 | D:5      | 4364 ||| DROPPING scroll of immolation.
  4387 | D:5      | Reached skill level 6 in Axes
  4395 | Sewer    | Entered a sewer
  4506 | Sewer    | Reached skill level 6 in Shields
  4604 | Sewer    | Reached XP level 8. HP: 45/48 MP: 8/8
  4621 | Sewer    | Identified the amulet "Ifyr" {Regen+ Str+6}
  4820 | Sewer    | 4820 ||| UPGRADING to +0 cloak.
  4825 | Sewer    | 4825 ||| UPGRADING to amulet "Ifyr" {Regen+ Str+6}.
  4835 | Sewer    | 4835 ||| DROPPING amulet of guardian spirit.
  4836 | Sewer    | 4836 ||| READING scroll labelled MAPPOR HELORI.
  4856 | D:5      | 4856 ||| PLANNING D:1-11
  5046 | D:5      | Found a staircase to the Ecumenical Temple.
  5047 | D:5      | 5047 ||| PLANNING TEMPLE
  5055 | Temple   | Entered the Ecumenical Temple
  5074 | Temple   | Became a worshipper of Warmaster Okawaru
  5087 | Temple   | 5087 ||| PLANNING D:1-11
  5465 | D:5      | 5465 ||| UPGRADING to +0 pair of boots.
  5535 | D:6      | Reached skill level 7 in Axes
  5752 | D:6      | 5752 ||| Stepping ~*~*~tactically~*~*~ (hiding).
  5760 | D:6      | 5760 ||| FLEEEEING.
  5772 | D:6      | 5772 ||| Stepping ~*~*~tactically~*~*~ (hiding).
  5782 | D:6      | 5782 ||| Stepping ~*~*~tactically~*~*~ (hiding).
  5785 | D:6      | Reached * piety under Okawaru
  5786 | D:6      | 5786 ||| Stepping ~*~*~tactically~*~*~ (hiding).
  5788 | D:6      | 5788 ||| INVOKING Heroism.
  5789 | D:6      | 5789 ||| INVOKING Heroism.
  5795 | D:6      | Reached skill level 1 in Invocations
  5799 | D:6      | 5799 ||| INVOKING Heroism.
  5846 | D:6      | Found the +3 woodcutter's axe {vorpal}
  5918 | D:6      | Noticed Edmund
  5919 | D:6      | 5919 ||| INVOKING Heroism.
  5923 | D:6      | Killed Edmund
  5924 | D:6      | Reached XP level 9. HP: 53/54 MP: 7/10
  5971 | D:6      | Reached skill level 3 in Invocations
  6025 | D:6      | Found a sacrificial altar of Ru.
  6074 | D:6      | 6074 ||| Stepping ~*~*~tactically~*~*~ (hiding).
  6215 | D:6      | 6215 ||| Stepping ~*~*~tactically~*~*~ (stealth).
  6248 | D:6      | 6248 ||| Stepping ~*~*~tactically~*~*~ (hiding).
  6250 | D:6      | 6250 ||| Stepping ~*~*~tactically~*~*~ (hiding).
  6252 | D:6      | 6252 ||| Stepping ~*~*~tactically~*~*~ (hiding).
  6409 | D:6      | 6409 ||| UPGRADING to +0 plate armour.
  6419 | D:6      | 6419 ||| DROPPING +0 chain mail.
  6420 | D:6      | 6420 ||| READING scroll labelled EPHOK YSHRUENK.
  6421 | D:6      | 6421 ||| READING 2 scrolls of identify.
  6421 | D:6      | 6421 ||| IDENTIFYING bubbling puce potion
  6422 | D:6      | 6422 ||| DROPPING potion of degeneration.
  6439 | D:7      | Noticed Joseph
  6440 | D:7      | 6440 ||| FLEEEEING.
  6441 | D:7      | 6441 ||| FLEEEEING.
  6442 | D:7      | 6442 ||| FLEEEEING.
  6443 | D:7      | 6443 ||| FLEEEEING.
  6444 | D:7      | 6444 ||| FLEEEEING.
  6446 | D:7      | 6446 ||| FLEEEEING.
  6447 | D:7      | 6447 ||| FLEEEEING.
  6448 | D:7      | 6448 ||| FLEEEEING.
  6449 | D:7      | 6449 ||| FLEEEEING.
  6465 | D:7      | Killed Joseph
  6472 | D:7      | 6472 ||| Stepping ~*~*~tactically~*~*~ (stealth).
  6509 | D:7      | 6509 ||| Stepping ~*~*~tactically~*~*~ (hiding).
  6527 | D:7      | 6527 ||| DRINKING 4 potions of curing.
  6527 | D:7      | 6527 ||| (to cure confusion)
  6529 | D:7      | 6529 ||| INVOKING Heroism.
  6531 | D:7      | 6531 ||| DRINKING 3 potions of curing.
  6531 | D:7      | 6531 ||| (to cure confusion)
  6639 | D:7      | Reached skill level 8 in Axes
  6646 | D:7      | Found a white marble altar of Elyvilon.
  6646 | D:7      | Found a stormy altar of Qazlal.
  6647 | D:7      | Found a hide-covered altar of Uskayaw.
  6647 | D:7      | Found a burning altar of Makhleb.
  6671 | D:7      | 6671 ||| Stepping ~*~*~tactically~*~*~ (stealth).
  6672 | D:7      | 6672 ||| INVOKING Heroism.
  6677 | D:7      | Reached skill level 1 in Throwing
  6677 | D:7      | Reached ** piety under Okawaru
  6682 | D:7      | Reached skill level 6 in Fighting
  6682 | D:7      | 6682 ||| Stepping ~*~*~tactically~*~*~ (hiding).
  6684 | D:7      | 6684 ||| Stepping ~*~*~tactically~*~*~ (hiding).
  6733 | D:7      | Identified the +5 great sword of Kippiyguwn {drain, rN+}
  6787 | D:7      | 6787 ||| READING scroll of enchant weapon.
  6787 | D:7      | 6787 ||| ENCHANTING +6 broad axe of flaming.
  6818 | D:7      | 6818 ||| Stepping ~*~*~tactically~*~*~ (stealth).
  6820 | D:7      | 6820 ||| Stepping ~*~*~tactically~*~*~ (hiding).
  6942 | D:7      | 6942 ||| Stepping ~*~*~tactically~*~*~ (stealth).
  6943 | D:7      | 6943 ||| Stepping ~*~*~tactically~*~*~ (stealth).
  6953 | D:7      | 6953 ||| Stepping ~*~*~tactically~*~*~ (hiding).
  6957 | D:7      | 6957 ||| INVOKING Heroism.
  6959 | D:7      | Reached XP level 10. HP: 60/60 MP: 10/13
  6994 | D:7      | 6994 ||| Stepping ~*~*~tactically~*~*~ (stealth).
  6995 | D:7      | 6995 ||| Stepping ~*~*~tactically~*~*~ (stealth).
  6996 | D:7      | 6996 ||| Stepping ~*~*~tactically~*~*~ (stealth).
  6997 | D:7      | 6997 ||| Stepping ~*~*~tactically~*~*~ (stealth).
  7236 | D:7      | 7236 ||| READING scroll of enchant weapon.
  7236 | D:7      | 7236 ||| ENCHANTING +7 broad axe of flaming.
  7253 | D:7      | Reached *** piety under Okawaru
  7379 | D:7      | 7379 ||| READING scroll labelled YMEPSO ONULO.
  7380 | D:7      | 7380 ||| READING scroll labelled KIOD FIMELYSHE.
  7381 | D:7      | 7381 ||| READING 3 scrolls of identify.
  7381 | D:7      | 7381 ||| IDENTIFYING bubbling black potion
  7382 | D:7      | 7382 ||| READING 2 scrolls of identify.
  7382 | D:7      | 7382 ||| IDENTIFYING viscous coppery potion
  7426 | D:8      | 7426 ||| INVOKING Heroism.
  7474 | D:8      | 7474 ||| INVOKING Heroism.
  7480 | D:8      | Reached skill level 9 in Axes
  7481 | D:8      | 7481 ||| Stepping ~*~*~tactically~*~*~ (cloud).
  7501 | D:8      | Reached skill level 6 in Armour
  7582 | D:8      | 7582 ||| Stepping ~*~*~tactically~*~*~ (hiding).
  7584 | D:8      | 7584 ||| INVOKING Heroism.
  7714 | D:8      | Found a transporter.
  7717 | D:8      | Noticed qw's ghost (novice TrCA)
  7720 | D:8      | Identified the +5 dire flail of Avant Garde Valour {elec,
                  | rF+ rCorr Dex+3}
  7720 | D:8      | Noticed a two-headed ogre
  7940 | D:8      | 7940 ||| READING 2 scrolls of identify.
  7940 | D:8      | 7940 ||| IDENTIFYING blue potion
  7965 | D:9      | 7965 ||| Stepping ~*~*~tactically~*~*~ (stealth).
  7970 | D:9      | Reached skill level 9 in Shields
  7972 | D:9      | Reached **** piety under Okawaru
  7973 | D:9      | 7973 ||| Stepping ~*~*~tactically~*~*~ (stealth).
  7976 | D:9      | 7976 ||| INVOKING Heroism.
  8007 | D:9      | Found a transporter.
  8011 | D:9      | Noticed qw's ghost (journeyman FoCA)
  8024 | D:9      | Received a gift from Okawaru
  8029 | D:9      | 8029 ||| Stepping ~*~*~tactically~*~*~ (stealth).
  8031 | D:9      | Found a transporter.
  8298 | D:9      | 8298 ||| INVOKING Heroism.
  8346 | D:9      | Found Oskur's Jewellery Shop.
  8353 | D:9      | 8353 ||| BUYING +4 ring of protection (432 gold).
  8353 | D:9      | Bought a +4 ring of protection for 432 gold pieces
  8353 | D:9      | 8353 ||| SHOPLISTING +4 ring of protection (432 gold, have
                  | 226).
  8353 | D:9      | 8353 ||| SHOPLISTING ring of fire (300 gold, have 226).
  8447 | D:9      | Found a runed translucent door.
  8448 | D:9      | Noticed a deep elf archer
  8500 | D:9      | Found a shimmering blue altar of Sif Muna.
  8618 | D:9      | Reached XP level 11. HP: 67/67 MP: 15/15
  8621 | D:9      | 8621 ||| Stepping ~*~*~tactically~*~*~ (hiding).
  8625 | D:9      | Received a gift from Okawaru
  8783 | D:9      | Noticed a six-headed hydra
  8783 | D:9      | Identified the +7 mace of Dung {elec, Contam Fly rElec
                  | Int+4 Dex+4}
  8785 | D:9      | 8785 ||| UPGRADING to +4 ring of protection.
  8786 | D:9      | Noticed a centaur warrior
  8787 | D:9      | 8787 ||| DROPPING ring of positive energy.
  8788 | D:9      | 8788 ||| READING scroll labelled YTITEHAANN.
  8820 | D:10     | Entered Level 10 of the Dungeon
  8820 | D:10     | Noticed Erolcha
  8821 | D:10     | 8821 ||| INVOKING Heroism.
  8838 | D:10     | 8838 ||| STAIRDANCE
  8842 | D:9      | Killed Erolcha
  8843 | D:9      | Reached skill level 10 in Axes
  8843 | D:9      | Reached skill level 6 in Invocations
  8877 | D:9      | Noticed a boulder beetle
  9040 | D:10     | Noticed Grum
  9041 | D:10     | 9041 ||| INVOKING Heroism.
  9045 | D:10     | Killed Grum
  9220 | D:10     | Found a staircase to the Orcish Mines.
  9221 | D:10     | 9221 ||| INVOKING Heroism.
  9242 | D:10     | 9242 ||| INVOKING Heroism.
  9358 | D:10     | Found a glowing golden altar of the Shining One.
  9364 | D:10     | Found a glowing silver altar of Zin.
  9364 | D:10     | Found a white marble altar of Elyvilon.
  9399 | D:10     | 9399 ||| Stepping ~*~*~tactically~*~*~ (stealth).
  9401 | D:10     | 9401 ||| Stepping ~*~*~tactically~*~*~ (stealth).
  9406 | D:10     | Noticed Fannar
  9407 | D:10     | 9407 ||| INVOKING Heroism.
  9418 | D:10     | Killed Fannar
  9418 | D:10     | Reached ***** piety under Okawaru
  9418 | D:10     | Received a gift from Okawaru
  9429 | D:10     | Found a flagged portal.
  9617 | D:10     | 9617 ||| READING scroll labelled PINUES EDUSM.
  9625 | D:10     | 9625 ||| READING 2 scrolls of identify.
  9625 | D:10     | 9625 ||| IDENTIFYING cyan potion
  9626 | D:10     | 9626 ||| DROPPING potion of brilliance.
  9670 | D:11     | 9670 ||| STAIRDANCE
  9680 | D:11     | 9680 ||| STAIRDANCE
  9682 | D:10     | 9682 ||| INVOKING Heroism.
  9731 | D:11     | 9731 ||| Stepping ~*~*~tactically~*~*~ (stealth).
  9733 | D:11     | 9733 ||| INVOKING Heroism.
  9742 | D:11     | Reached skill level 3 in Throwing
  9745 | D:11     | 9745 ||| Stepping ~*~*~tactically~*~*~ (stealth).
  9808 | D:11     | Found a staircase to the Lair.
  9818 | D:11     | Found Goikkat's Antique Weapon Emporium.
  9967 | D:11     | 9967 ||| Stepping ~*~*~tactically~*~*~ (hiding).
 10091 | D:11     | 10091 ||| Stepping ~*~*~tactically~*~*~ (stealth).
 10094 | D:11     | 10094 ||| Stepping ~*~*~tactically~*~*~ (stealth).
 10095 | D:11     | 10095 ||| Stepping ~*~*~tactically~*~*~ (stealth).
 10103 | D:11     | 10103 ||| INVOKING Heroism.
 10118 | D:11     | Reached skill level 9 in Invocations
 10129 | D:11     | Noticed a boulder beetle
 10130 | D:11     | 10130 ||| INVOKING Finesse.
 10133 | D:11     | 10133 ||| INVOKING Heroism.
 10139 | D:11     | Killed a boulder beetle
 10139 | D:11     | Identified the +7 executioner's axe of Okawaru's Anger
                  | {flame, rCorr Str-5 Int+5} (Okawaru gifted it to you on
                  | level 11 of the Dungeon)
 10139 | D:11     | Received a gift from Okawaru
 10301 | D:11     | 10301 ||| READING scroll of enchant armour.
 10301 | D:11     | 10301 ||| ENCHANTING +0 pair of gloves.
 10355 | D:11     | 10355 ||| Stepping ~*~*~tactically~*~*~ (stealth).
 10416 | D:11     | 10416 ||| DROPPING amulet of magic regeneration.
 10452 | D:12     | Noticed a cyclops
 10453 | D:12     | 10453 ||| INVOKING Heroism.
 10456 | D:12     | Killed a cyclops
 10457 | D:12     | Reached XP level 12. HP: 73/73 MP: 16/19
 10533 | D:12     | Noticed a boulder beetle
 10534 | D:12     | 10534 ||| INVOKING Heroism.
 10535 | D:12     | 10535 ||| INVOKING Finesse.
 10545 | D:12     | Killed a boulder beetle
 10616 | D:12     | 10616 ||| Stepping ~*~*~tactically~*~*~ (stealth).
 10617 | D:12     | 10617 ||| Stepping ~*~*~tactically~*~*~ (stealth).
 10621 | D:12     | 10621 ||| INVOKING Heroism.
 10629 | D:12     | Reached skill level 11 in Axes
 10659 | D:12     | 10659 ||| READING scroll of enchant weapon.
 10659 | D:12     | 10659 ||| ENCHANTING +8 broad axe of flaming.
 10724 | D:12     | Noticed a centaur warrior
 10725 | D:12     | 10725 ||| Stepping ~*~*~tactically~*~*~ (hiding).
 10726 | D:12     | 10726 ||| Stepping ~*~*~tactically~*~*~ (hiding).
 10732 | D:12     | Killed a centaur warrior
 11006 | D:12     | 11006 ||| Stepping ~*~*~tactically~*~*~ (hiding).
 11008 | D:12     | 11008 ||| INVOKING Heroism.
 11117 | D:12     | Reached skill level 3 in Dodging
 11169 | D:12     | Noticed a five-headed hydra
 11171 | D:12     | 11171 ||| INVOKING Heroism.
 11175 | D:12     | Killed a four-headed hydra
 11253 | D:12     | 11253 ||| DRINKING 2 emerald potions.
 11358 | D:12     | 11358 ||| READING 2 scrolls of identify.
 11358 | D:12     | 11358 ||| IDENTIFYING sedimented sapphire potion
 11359 | D:12     | 11359 ||| DROPPING potion of flight.
 11360 | D:12     | 11360 ||| DROPPING potion of berserk rage.
 11392 | D:11     | 11392 ||| PLANNING LAIR
 11452 | Lair:1   | Entered Level 1 of the Lair of Beasts
 11490 | Lair:1   | Received a gift from Okawaru
 11499 | Lair:1   | 11499 ||| INVOKING Heroism.
 11523 | Lair:1   | 11523 ||| READING scroll of acquirement.
 11523 | Lair:1   | 11523 ||| ACQUIRING +10 broad axe of Gar Tanu {venom, rN+
                  | Str+2}
 11523 | Lair:1   | Acquired the +10 broad axe of Gar Tanu {venom, rN+ Str+2}
 11525 | Lair:1   | 11525 ||| SWAPPING to +10 broad axe of Gar Tanu {venom, rN+
                  | Str+2}.
 11585 | Lair:1   | 11585 ||| Stepping ~*~*~tactically~*~*~ (stealth).
 11612 | Lair:1   | 11612 ||| INVOKING Heroism.
 11625 | Lair:1   | Reached skill level 9 in Fighting
 11825 | Lair:1   | 11825 ||| INVOKING Heroism.
 11828 | Lair:1   | 11828 ||| Stepping ~*~*~tactically~*~*~ (stealth).
 12226 | Lair:2   | 12226 ||| READING scroll of enchant armour.
 12226 | Lair:2   | 12226 ||| ENCHANTING +1 pair of gloves.
 12244 | Lair:2   | 12244 ||| READING scroll of enchant armour.
 12244 | Lair:2   | 12244 ||| ENCHANTING +0 pair of boots.
 12335 | Lair:2   | Received a gift from Okawaru
 12340 | Lair:2   | 12340 ||| INVOKING Heroism.
 12418 | Lair:2   | Found a staircase to the Snake Pit.
 12674 | Lair:2   | Noticed Sonja
 12675 | Lair:2   | 12675 ||| INVOKING Finesse.
 12688 | Lair:2   | Killed Sonja
 12689 | Lair:2   | Reached skill level 12 in Axes
 12689 | Lair:2   | Reached XP level 13. HP: 80/80 MP: 15/20
 12996 | Lair:2   | 12996 ||| READING scroll of enchant armour.
 12996 | Lair:2   | 12996 ||| ENCHANTING +1 pair of boots.
 13027 | Lair:2   | 13027 ||| READING 2 scrolls of identify.
 13027 | Lair:2   | 13027 ||| IDENTIFYING fuming black potion
 13116 | Lair:3   | 13116 ||| Stepping ~*~*~tactically~*~*~ (stealth).
 13121 | Lair:3   | 13121 ||| Stepping ~*~*~tactically~*~*~ (stealth).
 13124 | Lair:3   | 13124 ||| Stepping ~*~*~tactically~*~*~ (stealth).
 13128 | Lair:3   | 13128 ||| INVOKING Heroism.
 13137 | Lair:3   | Reached skill level 9 in Armour
 13166 | Lair:3   | Received a gift from Okawaru
 13177 | Lair:3   | 13177 ||| DROPPING +0 vorpal broad axe.
 13193 | Lair:3   | 13193 ||| Stepping ~*~*~tactically~*~*~ (stealth).
 13195 | Lair:3   | 13195 ||| Stepping ~*~*~tactically~*~*~ (stealth).
 13197 | Lair:3   | 13197 ||| Stepping ~*~*~tactically~*~*~ (stealth).
 13200 | Lair:3   | 13200 ||| Stepping ~*~*~tactically~*~*~ (stealth).
 13204 | Lair:3   | 13204 ||| Stepping ~*~*~tactically~*~*~ (stealth).
 13206 | Lair:3   | 13206 ||| Stepping ~*~*~tactically~*~*~ (stealth).
 13207 | Lair:3   | 13207 ||| INVOKING Heroism.
 13262 | Lair:3   | 13262 ||| INVOKING Heroism.
 13285 | Lair:3   | 13285 ||| Stepping ~*~*~tactically~*~*~ (hiding).
 13442 | Lair:3   | 13442 ||| Stepping ~*~*~tactically~*~*~ (hiding).
 13550 | Lair:3   | Found a staircase to the Swamp.
 13551 | Lair:3   | 13551 ||| Stepping ~*~*~tactically~*~*~ (hiding).
 13555 | Lair:3   | 13555 ||| INVOKING Heroism.
 13563 | Lair:3   | 13563 ||| Stepping ~*~*~tactically~*~*~ (stealth).
 13715 | Lair:3   | 13715 ||| INVOKING Heroism.
 13716 | Lair:3   | 13716 ||| INVOKING Finesse.
 13718 | Lair:3   | 13718 ||| SWAPPING to +9 broad axe of flaming.
 13722 | Lair:3   | 13722 ||| SWAPPING to +10 broad axe of Gar Tanu {venom, rN+
                  | Str+2}.
 13839 | Lair:3   | 13839 ||| Stepping ~*~*~tactically~*~*~ (stealth).
 13893 | Lair:3   | 13893 ||| INVOKING Heroism.
 13894 | Lair:3   | 13894 ||| INVOKING Finesse.
 14300 | Lair:3   | 14300 ||| READING 2 scrolls of identify.
 14300 | Lair:3   | 14300 ||| IDENTIFYING golden potion
 14355 | Lair:4   | 14355 ||| Stepping ~*~*~tactically~*~*~ (stealth).
 14359 | Lair:4   | 14359 ||| Stepping ~*~*~tactically~*~*~ (stealth).
 14363 | Lair:4   | Received a gift from Okawaru
 14375 | Lair:4   | 14375 ||| Stepping ~*~*~tactically~*~*~ (stealth).
 14391 | Lair:4   | 14391 ||| INVOKING Heroism.
 14395 | Lair:4   | Reached skill level 13 in Axes
 14396 | Lair:4   | Received a gift from Okawaru
 14440 | Lair:4   | 14440 ||| INVOKING Heroism.
 14571 | Lair:4   | 14571 ||| INVOKING Heroism.
 14699 | Lair:4   | 14699 ||| Stepping ~*~*~tactically~*~*~ (hiding).
 14726 | Lair:4   | 14726 ||| INVOKING Heroism.
 14809 | Lair:4   | 14809 ||| INVOKING Heroism.
 14810 | Lair:4   | 14810 ||| INVOKING Finesse.
 14886 | Lair:4   | 14886 ||| INVOKING Heroism.
 15192 | Lair:5   | Entered Level 5 of the Lair of Beasts
 15206 | Lair:5   | 15206 ||| INVOKING Heroism.
 15263 | Lair:5   | 15263 ||| INVOKING Heroism.
 15265 | Lair:5   | Received a gift from Okawaru
 15266 | Lair:5   | Gained mutation: Your large and strong wings let you fly.
                  | [Gargoyle growth]
 15266 | Lair:5   | Reached XP level 14. HP: 88/88 MP: 18/21
 15268 | Lair:5   | Reached skill level 14 in Axes
 15294 | Lair:5   | 15294 ||| INVOKING Heroism.
 15300 | Lair:5   | 15300 ||| INVOKING Finesse.
 15304 | Lair:5   | 15304 ||| SWAPPING to +9 broad axe of flaming.
 15310 | Lair:5   | 15310 ||| SWAPPING to +10 broad axe of Gar Tanu {venom, rN+
                  | Str+2}.
 15364 | Lair:5   | 15364 ||| Stepping ~*~*~tactically~*~*~ (stealth).
 15375 | Lair:5   | 15375 ||| INVOKING Heroism.
 15377 | Lair:5   | 15377 ||| Stepping ~*~*~tactically~*~*~ (stealth).
 15379 | Lair:5   | 15379 ||| SWAPPING to +9 broad axe of flaming.
 15385 | Lair:5   | 15385 ||| SWAPPING to +10 broad axe of Gar Tanu {venom, rN+
                  | Str+2}.
 15396 | Lair:5   | 15396 ||| INVOKING Heroism.
 15449 | Lair:5   | 15449 ||| INVOKING Heroism.
 15450 | Lair:5   | 15450 ||| INVOKING Finesse.
 15544 | Lair:5   | 15544 ||| INVOKING Heroism.
 15549 | Lair:5   | Identified the +4 lajatang of Terra Nullius {vorpal, rN+}
                  | (Okawaru gifted it to you on level 5 of the Lair of Beasts)
 15549 | Lair:5   | Received a gift from Okawaru
 15582 | Lair:5   | 15582 ||| READING scroll of enchant armour.
 15582 | Lair:5   | 15582 ||| ENCHANTING +0 cloak.
 15681 | Lair:5   | Found an opulent altar of Gozag.
 15751 | Lair:5   | Found a viscous altar of Jiyva.
 15752 | Lair:5   | Found a staircase to the Slime Pits.
 15814 | Lair:5   | Found a frozen archway.
 15918 | Lair:5   | 15918 ||| INVOKING Heroism.
 16016 | Lair:5   | 16016 ||| INVOKING Heroism.
 16017 | Lair:5   | 16017 ||| Stepping ~*~*~tactically~*~*~ (stealth).
 16018 | Lair:5   | 16018 ||| INVOKING Finesse.
 16026 | Lair:5   | 16026 ||| Stepping ~*~*~tactically~*~*~ (stealth).
 16027 | Lair:5   | 16027 ||| Stepping ~*~*~tactically~*~*~ (stealth).
 16041 | Lair:5   | Reached skill level 12 in Shields
 16078 | Lair:5   | 16078 ||| Stepping ~*~*~tactically~*~*~ (hiding).
 16088 | Lair:5   | 16088 ||| Stepping ~*~*~tactically~*~*~ (hiding).
 16110 | Lair:5   | Found a snail-covered altar of Cheibriados.
 16279 | Lair:5   | 16279 ||| PLANNING D
 16422 | D:13     | 16422 ||| Stepping ~*~*~tactically~*~*~ (hiding).
 16478 | D:13     | 16478 ||| Stepping ~*~*~tactically~*~*~ (hiding).
 16479 | D:13     | 16479 ||| Stepping ~*~*~tactically~*~*~ (hiding).
 16555 | D:13     | You are sucked into a shaft and drop 1 floor!
 16565 | D:14     | 16565 ||| Stepping ~*~*~tactically~*~*~ (stealth).
 16569 | D:14     | 16569 ||| Stepping ~*~*~tactically~*~*~ (stealth).
 16571 | D:14     | 16571 ||| INVOKING Heroism.
 16591 | D:14     | Received a gift from Okawaru
 16618 | D:14     | 16618 ||| READING scroll of enchant armour.
 16618 | D:14     | 16618 ||| ENCHANTING +1 cloak.
 16652 | D:14     | Found a gate to the Vaults.
 16669 | D:14     | 16669 ||| Stepping ~*~*~tactically~*~*~ (hiding).
 16670 | D:14     | 16670 ||| Stepping ~*~*~tactically~*~*~ (hiding).
 16674 | D:14     | 16674 ||| INVOKING Heroism.
 16677 | D:14     | Reached skill level 15 in Axes
 16680 | D:14     | Noticed Kirke
 16681 | D:14     | 16681 ||| INVOKING Finesse.
 16689 | D:14     | 16689 ||| Stepping ~*~*~tactically~*~*~ (stealth).
 16690 | D:14     | 16690 ||| Stepping ~*~*~tactically~*~*~ (stealth).
 16692 | D:14     | 16692 ||| DRINKING potion of cancellation.
 16696 | D:14     | Noticed a sphinx
 16697 | D:14     | Killed Kirke
 16699 | D:14     | 16699 ||| Stepping ~*~*~tactically~*~*~ (stealth).
 16770 | D:14     | 16770 ||| UPGRADING to +2 chain mail of cold resistance.
 16830 | D:13     | 16830 ||| INVOKING Heroism.
 16841 | D:13     | Reached XP level 15. HP: 84/96 MP: 20/22
 16985 | D:13     | 16985 ||| Stepping ~*~*~tactically~*~*~ (hiding).
 16988 | D:13     | 16988 ||| INVOKING Heroism.
 16995 | D:13     | Reached skill level 12 in Fighting
 17069 | D:13     | 17069 ||| Stepping ~*~*~tactically~*~*~ (stealth).
 17071 | D:13     | 17071 ||| INVOKING Heroism.
 17256 | D:13     | 17256 ||| READING 6 scrolls of identify.
 17256 | D:13     | 17256 ||| IDENTIFYING grey potion
 17257 | D:13     | 17257 ||| DROPPING potion of ambrosia.
 17324 | D:14     | Noticed Agnes
 17325 | D:14     | 17325 ||| INVOKING Heroism.
 17326 | D:14     | 17326 ||| INVOKING Finesse.
 17337 | D:14     | Killed Agnes
 17339 | D:14     | HP: 17/96 [meliai/divine providence (12)]
 17340 | D:14     | 17340 ||| READING 7 scrolls of teleportation.
 17341 | D:14     | 17341 ||| DRINKING 4 potions of heal wounds.
 17482 | D:14     | 17482 ||| Stepping ~*~*~tactically~*~*~ (hiding).
 17550 | D:14     | Found a bloodstained altar of Trog.
 17551 | D:14     | 17551 ||| INVOKING Heroism.
 17623 | D:14     | 17623 ||| Stepping ~*~*~tactically~*~*~ (stealth).
 17626 | D:14     | 17626 ||| INVOKING Heroism.
 17674 | D:14     | 17674 ||| Stepping ~*~*~tactically~*~*~ (stealth).
 17799 | D:14     | 17799 ||| INVOKING Heroism.
 17839 | D:14     | 17839 ||| Stepping ~*~*~tactically~*~*~ (stealth).
 17874 | D:14     | Reached skill level 16 in Axes
 17907 | D:15     | Entered Level 15 of the Dungeon
 17968 | D:15     | Found Weasarix's Armour Boutique.
 17977 | D:15     | 17977 ||| BUYING +0 helmet (72 gold).
 17977 | D:15     | Bought a +0 helmet for 72 gold pieces
 17977 | D:15     | 17977 ||| BUYING +1 cloak of Proximity {Drain Fly rPois
                  | Dex+3} (376 gold).
 17977 | D:15     | Bought the +1 cloak of Proximity {Drain Fly rPois Dex+3}
                  | for 376 gold pieces
 18021 | D:15     | 18021 ||| Stepping ~*~*~tactically~*~*~ (stealth).
 18023 | D:15     | 18023 ||| Stepping ~*~*~tactically~*~*~ (stealth).
 18028 | D:15     | 18028 ||| INVOKING Heroism.
 18029 | D:15     | 18029 ||| Stepping ~*~*~tactically~*~*~ (stealth).
 18142 | D:15     | 18142 ||| INVOKING Heroism.
 18143 | D:15     | 18143 ||| SWAPPING to +9 broad axe of flaming.
 18149 | D:15     | 18149 ||| SWAPPING to +10 broad axe of Gar Tanu {venom, rN+
                  | Str+2}.
 18212 | D:15     | 18212 ||| INVOKING Heroism.
 18213 | D:15     | 18213 ||| INVOKING Finesse.
 18215 | D:15     | 18215 ||| SWAPPING to +9 broad axe of flaming.
 18219 | D:15     | 18219 ||| SWAPPING to +10 broad axe of Gar Tanu {venom, rN+
                  | Str+2}.
 18392 | D:15     | 18392 ||| INVOKING Heroism.
 18494 | D:15     | 18494 ||| INVOKING Heroism.
 18520 | D:15     | Received a gift from Okawaru
 18545 | D:15     | 18545 ||| INVOKING Heroism.
 18582 | D:15     | Found a staircase to the Depths.
 18585 | D:15     | 18585 ||| Stepping ~*~*~tactically~*~*~ (stealth).
 18629 | D:15     | 18629 ||| INVOKING Heroism.
 18630 | D:15     | 18630 ||| SWAPPING to +9 broad axe of flaming.
 18633 | D:15     | 18633 ||| SWAPPING to +10 broad axe of Gar Tanu {venom, rN+
                  | Str+2}.
 18690 | D:15     | Received a gift from Okawaru
 18851 | D:15     | 18851 ||| INVOKING Heroism.
 18941 | D:15     | 18941 ||| PLANNING ORC
 18941 | D:15     | 18941 ||| UPGRADING to +0 helmet.
 18946 | D:15     | 18946 ||| UPGRADING to +1 cloak of Proximity {Drain Fly
                  | rPois Dex+3}.
 18956 | D:15     | 18956 ||| DROPPING +2 cloak.
 19109 | Orc:1    | Entered Level 1 of the Orcish Mines
 19130 | Orc:1    | 19130 ||| INVOKING Heroism.
 19225 | Orc:1    | 19225 ||| INVOKING Heroism.
 19329 | Orc:2    | Entered Level 2 of the Orcish Mines
 19329 | Orc:2    | Found a staircase to the Elven Halls.
 19331 | Orc:2    | 19331 ||| INVOKING Heroism.
 19393 | Orc:2    | 19393 ||| Stepping ~*~*~tactically~*~*~ (stealth).
 19409 | Orc:2    | 19409 ||| Stepping ~*~*~tactically~*~*~ (hiding).
 19410 | Orc:2    | 19410 ||| Stepping ~*~*~tactically~*~*~ (hiding).
 19411 | Orc:2    | 19411 ||| Stepping ~*~*~tactically~*~*~ (hiding).
 19412 | Orc:2    | 19412 ||| Stepping ~*~*~tactically~*~*~ (hiding).
 19414 | Orc:2    | 19414 ||| INVOKING Heroism.
 19445 | Orc:2    | 19445 ||| Stepping ~*~*~tactically~*~*~ (stealth).
 19447 | Orc:2    | 19447 ||| Stepping ~*~*~tactically~*~*~ (stealth).
 19454 | Orc:2    | 19454 ||| Stepping ~*~*~tactically~*~*~ (stealth).
 19456 | Orc:2    | 19456 ||| Stepping ~*~*~tactically~*~*~ (stealth).
 19474 | Orc:2    | 19474 ||| Stepping ~*~*~tactically~*~*~ (stealth).
 19487 | Orc:2    | 19487 ||| Stepping ~*~*~tactically~*~*~ (hiding).
 19492 | Orc:2    | 19492 ||| INVOKING Heroism.
 19501 | Orc:2    | Reached skill level 6 in Dodging
 19501 | Orc:2    | 19501 ||| Stepping ~*~*~tactically~*~*~ (hiding).
 19514 | Orc:2    | Reached XP level 16. HP: 92/101 MP: 23/23
 19524 | Orc:2    | 19524 ||| Stepping ~*~*~tactically~*~*~ (hiding).
 19535 | Orc:2    | 19535 ||| INVOKING Heroism.
 19536 | Orc:2    | 19536 ||| Stepping ~*~*~tactically~*~*~ (hiding).
 19537 | Orc:2    | 19537 ||| Stepping ~*~*~tactically~*~*~ (hiding).
 19542 | Orc:2    | Reached skill level 17 in Axes
 19543 | Orc:2    | Received a gift from Okawaru
 19573 | Orc:2    | Found Zahich's Weapon Shoppe.
 19573 | Orc:2    | Found Utudaod's General Store.
 19574 | Orc:2    | Found Ninito's Armour Shop.
 19574 | Orc:2    | Found Ryuqo's Book Emporium.
 19588 | Orc:2    | 19588 ||| BUYING potion of might (44 gold).
 19588 | Orc:2    | Bought a potion of might for 44 gold pieces
 19588 | Orc:2    | 19588 ||| BUYING scroll of enchant weapon (82 gold).
 19588 | Orc:2    | Bought a scroll of enchant weapon for 82 gold pieces
 19588 | Orc:2    | 19588 ||| BUYING scroll of teleportation (33 gold).
 19588 | Orc:2    | Bought a scroll of teleportation for 33 gold pieces
 19600 | Orc:2    | 19600 ||| Stepping ~*~*~tactically~*~*~ (stealth).
 19659 | Orc:2    | 19659 ||| Stepping ~*~*~tactically~*~*~ (stealth).
 19661 | Orc:2    | 19661 ||| Stepping ~*~*~tactically~*~*~ (stealth).
 19662 | Orc:2    | 19662 ||| Stepping ~*~*~tactically~*~*~ (stealth).
 19880 | Orc:1    | Found Belazo's Antique Armour Emporium.
 19881 | Orc:1    | 19881 ||| INVOKING Heroism.
 19892 | Orc:1    | 19892 ||| Stepping ~*~*~tactically~*~*~ (stealth).
 19901 | Orc:1    | 19901 ||| Stepping ~*~*~tactically~*~*~ (hiding).
 19902 | Orc:1    | 19902 ||| Stepping ~*~*~tactically~*~*~ (hiding).
 19903 | Orc:1    | 19903 ||| Stepping ~*~*~tactically~*~*~ (hiding).
 20030 | Orc:1    | 20030 ||| BUYING glowing cloak (225 gold).
 20030 | Orc:1    | Bought a glowing cloak for 225 gold pieces
 20068 | Orc:1    | 20068 ||| DROPPING +1 cloak of stealth.
 20173 | Orc:1    | 20173 ||| PLANNING SNAKE:1-3
 20342 | Snake:1  | Entered Level 1 of the Snake Pit
 20344 | Snake:1  | Found Boxeywn's Assorted Antiques.
 20348 | Snake:1  | 20348 ||| BUYING dark potion (27 gold).
 20348 | Snake:1  | Bought a dark potion for 27 gold pieces
 20348 | Snake:1  | 20348 ||| BUYING faintly glowing pewter ring (150 gold).
 20348 | Snake:1  | Bought a faintly glowing pewter ring for 150 gold pieces
 20348 | Snake:1  | Identified the ring "Uloeghyk" {rC++ rN++ Int+6} (You
                  | bought it in a shop on level 1 of the Snake Pit)
 20348 | Snake:1  | 20348 ||| BUYING potion of haste (300 gold).
 20348 | Snake:1  | Bought a potion of haste for 300 gold pieces
 20384 | Snake:1  | 20384 ||| INVOKING Heroism.
 20407 | Snake:1  | Found Luthriem's Firing Range.
 20433 | Snake:1  | 20433 ||| Stepping ~*~*~tactically~*~*~ (stealth).
 20436 | Snake:1  | Noticed Frances
 20437 | Snake:1  | 20437 ||| INVOKING Finesse.
 20447 | Snake:1  | 20447 ||| INVOKING Heroism.
 20449 | Snake:1  | Killed Frances
 20544 | Snake:1  | Noticed Nikola
 20545 | Snake:1  | 20545 ||| INVOKING Heroism.
 20546 | Snake:1  | 20546 ||| INVOKING Finesse.
 20557 | Snake:1  | Killed Nikola
 20564 | Snake:1  | 20564 ||| Stepping ~*~*~tactically~*~*~ (hiding).
 20608 | Snake:1  | 20608 ||| Stepping ~*~*~tactically~*~*~ (hiding).
 20609 | Snake:1  | 20609 ||| Stepping ~*~*~tactically~*~*~ (hiding).
 20611 | Snake:1  | 20611 ||| Stepping ~*~*~tactically~*~*~ (stealth).
 20617 | Snake:1  | 20617 ||| INVOKING Heroism.
 20689 | Snake:1  | Found Terasao's Antique Weapon Shop.
 20689 | Snake:1  | Found Saschol's General Store.
 20711 | Snake:1  | 20711 ||| BUYING potion of might (64 gold).
 20711 | Snake:1  | Bought a potion of might for 64 gold pieces
 20711 | Snake:1  | 20711 ||| BUYING potion of resistance (160 gold).
 20711 | Snake:1  | Bought a potion of resistance for 160 gold pieces
 20788 | Snake:1  | 20788 ||| Stepping ~*~*~tactically~*~*~ (hiding).
 20834 | Snake:1  | Reached skill level 6 in Throwing
 20843 | Snake:1  | Received a gift from Okawaru
 21088 | Snake:1  | Found a glowing golden altar of the Shining One.
 21207 | Snake:1  | 21207 ||| DROPPING ring of ice.
 21208 | Snake:1  | 21208 ||| UPGRADING to ring "Uloeghyk" {rC++ rN++ Int+6}.
 21210 | Snake:1  | 21210 ||| UPGRADING to +0 plate armour.
 21220 | Snake:1  | 21220 ||| DRINKING 2 dark potions.
 21310 | Snake:2  | 21310 ||| Stepping ~*~*~tactically~*~*~ (hiding).
 21339 | Snake:2  | Received a gift from Okawaru
 21407 | Snake:2  | Reached ****** piety under Okawaru
 21592 | Snake:2  | 21592 ||| Stepping ~*~*~tactically~*~*~ (hiding).
 21593 | Snake:2  | 21593 ||| Stepping ~*~*~tactically~*~*~ (hiding).
 21814 | Snake:2  | 21814 ||| Stepping ~*~*~tactically~*~*~ (stealth).
 21839 | Snake:2  | 21839 ||| Stepping ~*~*~tactically~*~*~ (hiding).
 21844 | Snake:2  | 21844 ||| Stepping ~*~*~tactically~*~*~ (hiding).
 21932 | Snake:2  | Reached skill level 12 in Armour
 21950 | Snake:2  | You are sucked into a shaft and drop 1 floor!
 21961 | Snake:3  | 21961 ||| INVOKING Heroism.
 21989 | Snake:2  | 21989 ||| Stepping ~*~*~tactically~*~*~ (hiding).
 21991 | Snake:2  | 21991 ||| Stepping ~*~*~tactically~*~*~ (hiding).
 21997 | Snake:2  | 21997 ||| INVOKING Heroism.
 22002 | Snake:2  | 22002 ||| Stepping ~*~*~tactically~*~*~ (hiding).
 22003 | Snake:2  | 22003 ||| Stepping ~*~*~tactically~*~*~ (hiding).
 22038 | Snake:2  | 22038 ||| Stepping ~*~*~tactically~*~*~ (hiding).
 22049 | Snake:2  | Identified the +0 pair of gloves of Meac {rPois Dex+3}
                  | (Okawaru gifted it to you on level 2 of the Snake Pit)
 22049 | Snake:2  | Received a gift from Okawaru
 22070 | Snake:2  | 22070 ||| Stepping ~*~*~tactically~*~*~ (hiding).
 22194 | Snake:2  | 22194 ||| Stepping ~*~*~tactically~*~*~ (hiding).
 22196 | Snake:2  | 22196 ||| Stepping ~*~*~tactically~*~*~ (hiding).
 22386 | Snake:2  | 22386 ||| Stepping ~*~*~tactically~*~*~ (hiding).
 22526 | Snake:2  | 22526 ||| Stepping ~*~*~tactically~*~*~ (hiding).
 22527 | Snake:2  | 22527 ||| Stepping ~*~*~tactically~*~*~ (hiding).
 22591 | Snake:2  | 22591 ||| Stepping ~*~*~tactically~*~*~ (stealth).
 23163 | Snake:2  | 23163 ||| Stepping ~*~*~tactically~*~*~ (hiding).
 23164 | Snake:2  | 23164 ||| Stepping ~*~*~tactically~*~*~ (hiding).
 23294 | Snake:2  | 23294 ||| DROPPING +0 pair of gloves of Meac {rPois Dex+3}.
 23318 | Snake:3  | 23318 ||| STAIRDANCE
 23329 | Snake:3  | 23329 ||| INVOKING Heroism.
 23480 | Snake:3  | 23480 ||| INVOKING Heroism.
 23493 | Snake:3  | Reached XP level 17. HP: 108/108 MP: 24/24
 23990 | Snake:3  | Found Kaeg's Jewellery Shop.
 23992 | Snake:3  | Found Joidick's Book Shoppe.
 23994 | Snake:3  | Found Fokuehup's Jewellery Shop.
 24000 | Snake:3  | 24000 ||| BUYING +6 ring of strength (612 gold).
 24000 | Snake:3  | Bought a +6 ring of strength for 612 gold pieces
 24000 | Snake:3  | 24000 ||| SHOPLISTING ring of fire (425 gold, have 107).
 24004 | Snake:3  | 24004 ||| SHOPLISTING +4 ring of evasion (756 gold, have
                  | 107).
 24104 | Snake:3  | 24104 ||| PLANNING SWAMP:1-3
 24104 | Snake:3  | 24104 ||| UPGRADING to +0 tower shield of protection.
 24114 | Snake:3  | 24114 ||| DROPPING +3 kite shield of the Pleiades {Regen+
                  | Str+2}.
 24115 | Snake:3  | 24115 ||| DROPPING +6 ring of dexterity.
 24232 | Swamp:1  | Entered Level 1 of the Swamp
 24365 | Swamp:1  | 24365 ||| INVOKING Heroism.
 24438 | Swamp:1  | 24438 ||| Stepping ~*~*~tactically~*~*~ (hiding).
 24440 | Swamp:1  | 24440 ||| INVOKING Heroism.
 24445 | Swamp:1  | 24445 ||| SWAPPING to +9 broad axe of flaming.
 24451 | Swamp:1  | 24451 ||| SWAPPING to +10 broad axe of Gar Tanu {venom, rN+
                  | Str+2}.
 24646 | Swamp:2  | 24646 ||| INVOKING Heroism.
 24651 | Swamp:2  | 24651 ||| SWAPPING to +9 broad axe of flaming.
 24656 | Swamp:2  | 24656 ||| Stepping ~*~*~tactically~*~*~ (cloud).
 24657 | Swamp:2  | 24657 ||| SWAPPING to +10 broad axe of Gar Tanu {venom, rN+
                  | Str+2}.
 24738 | Swamp:2  | 24738 ||| INVOKING Heroism.
 24819 | Swamp:2  | 24819 ||| INVOKING Heroism.
 24898 | Swamp:2  | 24898 ||| Stepping ~*~*~tactically~*~*~ (hiding).
 24904 | Swamp:2  | 24904 ||| INVOKING Heroism.
 24911 | Swamp:2  | 24911 ||| Stepping ~*~*~tactically~*~*~ (hiding).
 25225 | Swamp:2  | 25225 ||| DROPPING +2 cloak.
 25226 | Swamp:2  | 25226 ||| DROPPING ring of protection from cold.
 25227 | Swamp:2  | 25227 ||| READING 15 scrolls of identify.
 25227 | Swamp:2  | 25227 ||| IDENTIFYING yellow potion
 25228 | Swamp:2  | 25228 ||| DROPPING potion of invisibility.
 25249 | Swamp:3  | 25249 ||| INVOKING Heroism.
 25273 | Swamp:3  | 25273 ||| Stepping ~*~*~tactically~*~*~ (hiding).
 25290 | Swamp:3  | 25290 ||| INVOKING Heroism.
 25317 | Swamp:3  | 25317 ||| Stepping ~*~*~tactically~*~*~ (hiding).
 25326 | Swamp:3  | 25326 ||| INVOKING Heroism.
 25346 | Swamp:3  | 25346 ||| Stepping ~*~*~tactically~*~*~ (stealth).
 25348 | Swamp:3  | 25348 ||| Stepping ~*~*~tactically~*~*~ (hiding).
 25404 | Swamp:3  | 25404 ||| Stepping ~*~*~tactically~*~*~ (stealth).
 25415 | Swamp:3  | Received a gift from Okawaru
 25419 | Swamp:3  | 25419 ||| INVOKING Heroism.
 25434 | Swamp:3  | Reached skill level 15 in Shields
 25451 | Swamp:3  | 25451 ||| Stepping ~*~*~tactically~*~*~ (hiding).
 25462 | Swamp:3  | 25462 ||| INVOKING Heroism.
 25671 | Swamp:3  | 25671 ||| Stepping ~*~*~tactically~*~*~ (hiding).
 25671 | Swamp:3  | Noticed Roxanne
 25672 | Swamp:3  | 25672 ||| INVOKING Heroism.
 25673 | Swamp:3  | 25673 ||| INVOKING Finesse.
 25686 | Swamp:3  | Killed Roxanne
 25687 | Swamp:3  | 25687 ||| SWAPPING to +9 broad axe of flaming.
 25698 | Swamp:3  | 25698 ||| SWAPPING to +10 broad axe of Gar Tanu {venom, rN+
                  | Str+2}.
 25929 | Swamp:3  | 25929 ||| PLANNING SNAKE:4
 25929 | Swamp:3  | 25929 ||| UPGRADING to +1 helmet.
 25939 | Swamp:3  | 25939 ||| DROPPING +0 helmet.
 26092 | Snake:4  | Entered Level 4 of the Snake Pit
 26100 | Snake:4  | 26100 ||| INVOKING Heroism.
 26115 | Snake:4  | HP: 26/108 [salamander/+0 halberd (12)]
 26116 | Snake:4  | 26116 ||| READING 11 scrolls of teleportation.
 26117 | Snake:4  | 26117 ||| DRINKING 6 potions of heal wounds.
 26121 | Snake:4  | 26121 ||| INVOKING Heroism.
 26127 | Snake:4  | HP: 20/108 [black mamba (10)]
 26128 | Snake:4  | 26128 ||| READING 10 scrolls of teleportation.
 26129 | Snake:4  | 26129 ||| DRINKING 5 potions of heal wounds.
 26134 | Snake:4  | HP: 27/108 [constriction (3)]
 26135 | Snake:4  | 26135 ||| READING 9 scrolls of teleportation.
 26135 | Snake:4  | HP: 11/108 [salamander mystic/+0 quarterstaff (14)]
 26135 | Snake:4  | Shot with an arrow by a naga sharpshooter

Levels and vault maps discovered:
D:1:      tarquinn_simple_flora_water_b, layout_loops_corners,
          shapermc_ecumenical_altar_mp_highgroup, nicolae_titane
D:2:      layout_basic, minmay_pentomino_q4
D:3:      layout_loops_ring, uniq_crazy_yiuf_cottage
D:4:      layout_basic, fedhas_altar_2, uniq_blork_the_orc
D:5:      layout_layer_cave, nicolae_yredelemnul_ghost_church,
          minmay_temple_entry_large_hall, portal_sewer_entry_a
D:6:      layout_rooms, mainiacjoe_overflow_surrounded_room,
          hangedman_decor_points, grunt_ministairs_8,
          pf_guarded_unrand_woodcutter, uniq_edmund
D:7:      minmay_the_grid_octo_tiled_squarecenter
          [minmay_the_grid_octo_concentric, minmay_the_grid_octo_thin_diamonds,
          minmay_the_grid_octo_checkerflower, minmay_the_grid_octo_shrine,
          minmay_the_grid_square_5x5_megaprize_hollow,
          minmay_the_grid_square_5x5_checkered_statues,
          minmay_the_grid_square_5x5_shuriken, minmay_the_grid_square_5x5_plus,
          minmay_the_grid_square_5x5_sharp_hourglass], layout_basic, uniq_joseph
D:8:      layout_basic, gammafunk_ghost_smash, minmay_manual_mares
D:9:      layout_long_grid, mainiacjoe_overflow_24_doors,
          gammafunk_ghost_stat_death, serial_shops, shop, minmay_parallelograms,
          minivault_13
D:10:     layout_basic, dreamdust_divine_triumvirate,
          kennysheep_orc_monster_closet_entryway, enter_bailey_6,
          minmay_liquid_box, uniq_erolcha, uniq_grum, uniq_fannar
D:11:     layout_roguey, lair_entry_dummy, serial_shops, nicolae_take_the_stairs
D:12:     layout_small_grid
D:13:     layout_roguey
D:14:     layout_roguey, hangedman_vaults_entry_quadrant_bands,
          trog_three_pillars_becter, uniq_agnes, uniq_kirke
D:15:     hangedman_depths_entry_try_elsewhere_first, layout_long_grid,
          serial_shops, nicolae_shop_stone, hex_medium, minmay_orc_keep
Temple:   nicolae_temple_bog_church
Lair:1:   layout_misc_corridors, serial_rivers, chequers_serial_rivers_micro_b,
          chequers_serial_rivers_micro_d, chequers_serial_rivers_room_b,
          chequers_serial_rivers_marsh
Lair:2:   layout_cave_pods, dummy_snake_entry, infiniplex_staircase_pool,
          uniq_sonja
Lair:3:   layout_cave_pods, nicolae_swamp_entry_splash_gauntlet,
          lemuel_fruit_fields
Lair:4:   layout_hall_layers, serial_rivers, chequers_serial_rivers_micro_a,
          chequers_serial_rivers_micro_c, chequers_serial_rivers_room_a,
          chequers_serial_rivers_room_a, chequers_serial_rivers_micro_e,
          minmay_lair_oklob_items, eino_house_with_fridge, grunt_megastairs_1
Lair:5:   minmay_lair_end_frog_pond, layout_loops_ring, slime_entry_1,
          basic_altar, portal_ice_cave_demonic_guard,
          chequers_serial_rivers_micro_a, lemuel_centaur_altar
Swamp:1:  layout_basic_swamp, nicolae_swamp_oxbows
Swamp:2:  layout_basic_swamp, evilmike_swamp_ruin_house_1, swamp_pool5
Swamp:3:  layout_falls_marsh, hangedman_swamp_diagram, swamp_pool1, uniq_roxanne
Snake:1:  layout_grid_maze, basic_altar, serial_shops,
          nicolae_shop_behind_doors, nicolae_shop_firing_range,
          minmay_shoptagon, uniq_nikola, uniq_frances
Snake:2:  layout_layer_cave, serial_bayou_shore_b
Snake:3:  layout_onion_interference, minmay_shop_grove, nicolae_integral_box
Snake:4:  snake_pit_salamanders_mu, layout_cave_shapes, serial_shops,
          nicolae_shop_bloodbath_and_beyond
Orc:1:    layout_diamond_mine, serial_shops, shop
Orc:2:    st_orc_ogre_mass, layout_caves, nicolae_orc_rockfall

Skill      XL: |  1  2  3  4  5  6  7  8  9 10 11 12 13 14 15 16 17 |
---------------+----------------------------------------------------+-----
Axes           | 2 3 4 5 6 7 8 9 10 12 13 15 16 17 | 17.6
Shields        | 4 5 6 7 8 9 10 11 12 13 16 | 16.0
Fighting       | 4 5 6 7 8 9 10 11 12 13 | 13.0
Dodging        | 1 2 3 4 6 |  6.1
Armour         | 4 5 6 7 8 9 10 13 | 13.0
Invocations    | 2 4 5 9 10 | 10.0
Throwing       | 1 2 3 4 5 6 |  6.0

Action                   |  1- 3 |  4- 6 |  7- 9 | 10-12 | 13-15 | 16-18 || total
-------------------------+-------+-------+-------+-------+-------+-------++-------
Melee: War axe           |   128 |    92 |       |       |       |       ||   220
       Broad axe         |       |    44 |   204 |   372 |   723 |   539 ||  1882
Throw: Boomerang         |       |    35 |    26 |     3 |    63 |    17 ||   144
       Javelin           |       |       |       |    85 |   110 |    47 ||   242
Invok: Heroism           |       |       |     6 |    23 |    43 |    24 ||    96
       Finesse           |       |       |       |     3 |     9 |     3 ||    15
  Use: Scroll            |     3 |     8 |     7 |    15 |     7 |     4 ||    44
       Potion            |       |     3 |     2 |     1 |     2 |     3 ||    11
 Stab: Distracted        |       |       |       |       |     1 |       ||     1
Armor: Scale mail        |    76 |    59 |       |       |       |       ||   135
       Chain mail        |       |    22 |    66 |       |   108 |    37 ||   233
       Plate armour      |       |       |    11 |   180 |   151 |   206 ||   548
Dodge: Dodged            |    57 |    39 |    44 |   100 |   152 |   130 ||   522
Block: Buckler           |    13 |       |       |       |       |       ||    13
       Kite shield       |    37 |    53 |   142 |   302 |   438 |   217 ||  1189
       Tower shield      |       |       |       |       |       |   188 ||   188

Table legend:
 A = Non-vault XP
 B = Vault XP
 C = Vault XP percentage of total XP
 D = Non-vault monster count
 E = Vault monster count
 F = Vault count percentage of total count
                 A         B        C        D         E       F
            +---------+---------+-------+---------+---------+-------
      Total |  163814 |   58676 |  26.4 |     666 |     234 |  26.0
            +---------+---------+-------+---------+---------+-------
        D:1 |      49 |       2 |   3.9 |      26 |       1 |   3.7
        D:2 |      52 |       2 |   3.7 |      21 |       1 |   4.5
        D:3 |     168 |       0 |   0.0 |      25 |       0 |   0.0
        D:4 |     172 |     102 |  37.2 |      17 |       1 |   5.6
        D:5 |     481 |      94 |  16.3 |      25 |       5 |  16.7
        D:6 |     606 |     740 |  55.0 |      22 |      13 |  37.1
        D:7 |     729 |    1933 |  72.6 |      12 |      22 |  64.7
        D:8 |    1621 |     216 |  11.8 |      26 |       2 |   7.1
        D:9 |    1931 |    1059 |  35.4 |      28 |       2 |   6.7
       D:10 |    1250 |    2858 |  69.6 |      13 |      25 |  65.8
       D:11 |    3919 |       0 |   0.0 |      18 |       0 |   0.0
       D:12 |    7049 |       0 |   0.0 |      30 |       0 |   0.0
       D:13 |    9147 |       0 |   0.0 |      27 |       0 |   0.0
       D:14 |    9320 |    9426 |  50.3 |      30 |      20 |  40.0
       D:15 |   17139 |    4081 |  19.2 |      28 |      12 |  30.0
     Lair:1 |    4143 |       0 |   0.0 |      19 |       0 |   0.0
     Lair:2 |    2133 |     782 |  26.8 |      11 |       1 |   8.3
     Lair:3 |   10269 |    1254 |  10.9 |      32 |       5 |  13.5
     Lair:4 |    3929 |    2507 |  39.0 |      13 |      19 |  59.4
     Lair:5 |   12118 |   11667 |  49.1 |      29 |      41 |  58.6
    Swamp:1 |    4066 |       0 |   0.0 |      12 |       0 |   0.0
    Swamp:2 |    9277 |     139 |   1.5 |      23 |       1 |   4.2
    Swamp:3 |   18798 |    1251 |   6.2 |      41 |       1 |   2.4
    Snake:1 |   11228 |    3778 |  25.2 |      21 |       5 |  19.2
    Snake:2 |   16484 |       0 |   0.0 |      38 |       0 |   0.0
    Snake:3 |   10824 |       0 |   0.0 |      23 |       0 |   0.0
    Snake:4 |    2547 |    1347 |  34.6 |       6 |       1 |  14.3
      Orc:1 |    2600 |       0 |   0.0 |      22 |       0 |   0.0
      Orc:2 |    1765 |   15242 |  89.6 |      28 |      38 |  57.6
      Sewer |       0 |     196 | 100.0 |       0 |      18 | 100.0
            +---------+---------+-------+---------+---------+-------
